 Dungeon Crawl Stone Soup version 0.21-a0-584-g185da8e (webtiles) character file.

2480 Amnesiac the Martial Artist (level 9, -4/62 HPs)
             Began as an Octopode Transmuter on Dec 20, 2017.
             Was a Believer of Okawaru.
             Slain by a hobgoblin
             ... wielding a cursed +0 hand axe
              (7 damage)
             ... in a bailey.
             The game lasted 00:11:24 (8130 turns).

Amnesiac the Martial Artist (Octopode Transmuter)   Turns: 8130, Time: 00:11:25

Health: -4/62      AC:  1    Str:  9    XL:     9   Next: 51%
Magic:  9/13       EV: 16    Int: 16    God:    Okawaru [**....]
Gold:   277        SH:  0    Dex: 15    Spells: 3/14 levels left

rFire    . . .     SeeInvis .     - Unarmed
rCold    . . .     Gourm    .   (no shield)
rNeg     + + .     Faith    .   (helmet restricted)
rPois    .         Spirit   .   (no amulet)
rElec    .         Reflect  .   g - ring of positive energy
rCorr    .         Harm     .   A - ring of stealth
MR       .....                  y - ring of positive energy
Stlth    +++.......             (no ring)
HPRegen  0.20/turn              (no ring)
MPRegen  0.13/turn              (no ring)
                                (no ring)
                                (no ring)

@: no status effects
A: almost no armour, stealthy swim, amphibious, 8 rings, constrict 8, camouflage
1, gelatinous body 1
a: Heroism, Renounce Religion


You were in a bailey.
You worshipped Okawaru.
Okawaru was pleased with you.
You were not hungry.

You visited 2 branches of the dungeon, and saw 8 of its levels.
You also visited: Ossuary and Bailey.

You collected 277 gold pieces.

Inventory:

Missiles
 a - 45 arrows
 e - 193 stones (quivered)
 f - 15 poisoned needles
Jewellery
 g - a ring of positive energy (left tentacle)
 y - a ring of positive energy (on tentacle)
 A - a ring of stealth (right tentacle)
Wands
 k - a wand of paralysis (14)
Scrolls
 j - a scroll of fog {!r, unknown}
 m - 2 scrolls of remove curse {!r}
 t - a scroll of amnesia {!r, unknown}
 v - a scroll of torment {!r, unknown}
 x - a scroll of blinking {!r}
Potions
 d - 4 potions of haste {!q}
 h - 2 potions of mutation {!q}
 l - a potion of heal wounds {!q}
 n - 4 potions of brilliance {!q}
 o - 2 potions of agility {!q}
 p - 2 potions of invisibility {!q}
 q - a potion of curing {!q}
 r - 3 potions of magic {!q}
 s - a potion of flight {!q}
Books
 b - a book of Changes

   Spells                             Type                      Level
   a - Beastly Appendage              Transmutation                1
   b - Sticks to Snakes               Transmutation                2
   c - Spider Form                    Transmutation/Poison         3
   d - Ice Form                       Ice/Transmutation            4
   e - Blade Hands                    Transmutation                5
 i - a book of Minor Magic

   Spells                             Type                      Level
   a - Magic Dart                     Conjuration                  1
   b - Blink                          Translocation                2
   c - Call Imp                       Summoning                    2
   d - Slow                           Hexes                        2
   e - Conjure Flame                  Conjuration/Fire             3
   f - Mephitic Cloud                 Conjuration/Poison/Air       3
Comestibles
 c - 5 rations
 z - 7 chunks of flesh


   Skills:
 + Level 5.9 Fighting
 + Level 5.8 Dodging
 * Level 8.4 Unarmed Combat
 + Level 3.3 Spellcasting
 - Level 5.0 Transmutations


You had 3 spell levels left.
You knew the following spells:

 Your Spells              Type           Power        Failure   Level  Hunger
a - Beastly Appendage     Tmut           ###...       2%          1    None
b - Sticks to Snakes      Tmut           ###.....     3%          2    ##.....
c - Mephitic Cloud        Conj/Pois/Air  #.......     50%         3    ###....
e - Spider Form           Tmut/Pois      ##........   19%         3    ###....
v - Blink                 Tloc           N/A          28%         2    ##.....


Dungeon Overview and Level Annotations

Branches:
Dungeon (7/15)             Temple (1/1) D:5

Altars:
Ashenzari
Cheibriados
Dithmenos
Elyvilon
Fedhas
Gozag
Hepliaklqana
Kikubaaqudgha
Makhleb
Nemelex Xobeh
Okawaru
Qazlal
Ru
Sif Muna
Trog
Uskayaw
Vehumet
Wu Jian
Yredelemnul
Zin
The Shining One


Innate Abilities, Weirdness & Mutations

You cannot wear most types of armour.
You are very stealthy in the water. (Stealth+)
You are amphibious.
You can wear up to eight rings at the same time.
You can use your tentacles to constrict eight enemies at once.
Your skin changes colour to match your surroundings (Stealth+).
Your rubbery body absorbs attacks. (AC +1, EV +1)


Message History

The hellwing hits you but does no damage.
The hellwing barely misses you.
You hit the kobold demonologist but do no damage.
The hobgoblin hits you but does no damage.
The orc warrior hits you with a hand axe.
The kobold demonologist hits you but does no damage.
The goblin hits you but does no damage.
You smack the kobold demonologist!
The kobold demonologist is heavily wounded.
The hellwing hits you. x2
The hobgoblin hits you but does no damage.
The orc warrior hits you but does no damage.
The goblin hits you but does no damage.
The kobold demonologist barely misses you.
You hit the orc warrior but do no damage.
The orc warrior is heavily wounded.
The hellwing hits you but does no damage. x2
The hobgoblin hits you but does no damage.
You smack the orc warrior!
You kill the orc warrior!
Okawaru accepts your kill. The goblin hits you but does no damage.
The kobold demonologist hits you but does no damage.
The hellwing hits you but does no damage. x2
You closely miss the kobold demonologist.
The kobold demonologist is heavily wounded.
You feel like a meek peon again.
The hobgoblin hits you but does no damage.
The goblin hits you but does no damage.
You barely miss the kobold demonologist.
The kobold demonologist is heavily wounded.
The hellwing hits you but does no damage. x2
The kobold demonologist hits you but does no damage.
The hobgoblin hits you but does no damage.
You hit the kobold demonologist.
The kobold demonologist is heavily wounded.
The goblin hits you but does no damage.
The hellwing hits you but does no damage.
The hellwing hits you.
The kobold demonologist hits you but does no damage.
You smack the kobold demonologist!
The kobold demonologist is almost dead.
You feel less wooden.
The hobgoblin hits you with an enchanted hand axe.
The goblin misses you. The orc warrior barely misses you.
The hellwing completely misses you. The hellwing hits you!
* * * LOW HITPOINT WARNING * * *
You closely miss the kobold demonologist.
You squeeze the kobold demonologist, but do no damage.
The kobold demonologist is almost dead.
The hellwing disappears in a puff of smoke!
The kobold demonologist looks braver for a moment.
The hobgoblin hits you with an enchanted hand axe.
* * * LOW HITPOINT WARNING * * *
The goblin completely misses you.
The orc warrior hits you with a war axe!!
* * * LOW HITPOINT WARNING * * *
You tentacle-slap the kobold demonologist.
You grab the kobold demonologist.
The kobold demonologist is almost dead.
You constrict the kobold demonologist, but do no damage.
The kobold demonologist casts a spell.
The hobgoblin hits you with an enchanted hand axe!
You die...

..o....#+##
o_g.......+
..K.....8.#
og.....K..#
###o8.#
#######.....#
#.....#...8.#
#...g.#.....#
#..⌠§@#§.####
..'..5gKo.3#
..'..5).'..#
#####+++#####
#...........#
##≈≈≈≈...≈≈≈≈##
≈≈≈≈≈≈...≈≈≈≈≈≈
≈≈≈≈≈≈...≈≈≈≈≈≈
≈≈≈≈≈≈...≈≈≈≈≈≈


You could see a soul eater, a kobold demonologist, an orc warrior, a quasit, a
crimson imp, a hobgoblin and a goblin.

Vanquished Creatures
  An orc sorcerer (Bailey)
  A hippogriff (D:6)
  Sigmund (D:5)
  A hungry ghost (D:7)
  Menkaure (D:5)
  An orc warrior (Bailey)
  3 ice beasts
  A phantom (D:4)
  A bullfrog (D:7)
  2 scorpions
  A howler monkey (D:5)
  A bullfrog zombie (D:5)
  2 crimson imps (D:6)
  2 jellies
  2 orc priests
  2 hounds
  A centaur skeleton (D:5)
  2 orc wizards
  5 worker ants
  A hound skeleton (D:4)
  3 mummies (Ossuary)
  2 howler monkey zombies
  A worker ant zombie (D:6)
  9 adders
  5 gnolls
  An ooze (D:3)
  An adder skeleton (D:5)
  An adder zombie (D:6)
  3 worms
  4 dart slugs
  3 leopard geckos
  18 orcs
  2 ball pythons
  4 bats (D:3)
  8 giant cockroaches
  10 goblins
  6 hobgoblins
  12 jackals
  7 kobolds
  2 quokkas
  2 frilled lizards
  4 gnoll skeletons (Ossuary)
  6 gnoll zombies (Ossuary)
  4 goblin zombies
  4 hobgoblin skeletons (Ossuary)
  3 hobgoblin zombies (Ossuary)
  6 kobold skeletons (Ossuary)
  2 kobold zombies (Ossuary)
  A leopard gecko skeleton (D:6)
  2 orc skeletons (Ossuary)
  An orc zombie (Ossuary)
  A quokka zombie (D:5)
  6 rats
  2 rat zombies (Ossuary)
178 creatures vanquished.

Vanquished Creatures (collateral kills)
  An adder (D:3)
1 creature vanquished.

Vanquished Creatures (others)
  A mummy (Ossuary)
  An adder (D:2)
  A hobgoblin (D:2)
  A gnoll skeleton (Ossuary)
  3 goblin skeletons (Ossuary)
  2 goblin zombies (Ossuary)
  2 hobgoblin skeletons (Ossuary)
  4 hobgoblin zombies (Ossuary)
  A kobold (D:2)
  2 kobold skeletons (Ossuary)
  An orc zombie (Ossuary)
  A rat skeleton (Ossuary)
  A rat zombie (Ossuary)
21 creatures vanquished.

Grand Total: 200 creatures vanquished

Notes
Turn   | Place    | Note
-------+----------+-------------------------------------------
     0 | D:1      | Amnesiac the Octopode Transmuter began the quest for the Orb.
     0 | D:1      | Reached XP level 1. HP: 13/13 MP: 3/3
   156 | D:1      | Reached XP level 2. HP: 16/19 MP: 5/5
   160 | D:1      | Learned a level 2 spell: Sticks to Snakes
   723 | D:2      | Reached XP level 3. HP: 15/24 MP: 6/6
   729 | D:2      | Learned a level 3 spell: Spider Form
  1049 | D:2      | Reached XP level 4. HP: 22/30 MP: 7/7
  1922 | D:3      | Reached skill level 4 in Unarmed Combat
  1993 | D:3      | Reached XP level 5. HP: 29/35 MP: 8/8
  2805 | D:4      | Noticed a phantom
  2820 | D:3      | Reached XP level 6. HP: 8/42 MP: 9/9
  2827 | D:3      | HP: 2/42 [poisoned by a scorpion]
  3081 | D:3      | Found a sacrificial altar of Ru.
  3282 | D:3      | Found a sparkling altar of Nemelex Xobeh.
  3652 | D:4      | Killed a phantom
  3652 | D:4      | Reached skill level 5 in Unarmed Combat
  3842 | D:4      | Reached XP level 7. HP: 43/46 MP: 7/10
  4173 | D:5      | Entered Level 5 of the Dungeon
  4180 | D:5      | Learned a level 2 spell: Blink
  4238 | D:5      | Noticed Sigmund
  4340 | D:5      | Killed Sigmund
  4340 | D:5      | Reached skill level 6 in Unarmed Combat
  4421 | D:5      | Noticed Menkaure
  4423 | D:5      | Found a sand-covered staircase.
  4445 | Ossuary  | Entered an ossuary
  4869 | Ossuary  | Reached XP level 8. HP: 50/54 MP: 11/11
  4920 | D:5      | Learned a level 3 spell: Mephitic Cloud
  5801 | D:5      | Found a staircase to the Ecumenical Temple.
  6004 | Temple   | Entered the Ecumenical Temple
  6134 | Temple   | Became a worshipper of Warmaster Okawaru
  6192 | D:6      | Noticed a hippogriff
  6208 | D:6      | Killed a hippogriff
  6605 | D:5      | Found a staircase to the Ecumenical Temple.
  6906 | D:5      | Killed Menkaure
  6906 | D:5      | Reached * piety under Okawaru
  6906 | D:5      | Reached skill level 7 in Unarmed Combat
  7128 | D:6      | Reached skill level 5 in Fighting
  7176 | D:6      | Reached skill level 5 in Dodging
  7180 | D:6      | Reached skill level 5 in Transmutations
  7235 | D:6      | Noticed a wyvern
  7582 | D:6      | Reached XP level 9. HP: 61/61 MP: 8/12
  7850 | D:7      | Found a flagged portal.
  7919 | Bailey   | Entered a bailey
  8093 | Bailey   | Found an iron altar of Okawaru.
  8093 | Bailey   | Noticed an orc sorcerer
  8093 | Bailey   | Noticed a kobold demonologist
  8104 | Bailey   | Paralysed by an orc sorcerer for 6 turns
  8106 | Bailey   | Noticed a rust devil
  8114 | Bailey   | Noticed a hellwing
  8116 | Bailey   | Killed an orc sorcerer
  8116 | Bailey   | Reached ** piety under Okawaru
  8116 | Bailey   | Reached skill level 8 in Unarmed Combat
  8118 | Bailey   | Noticed a soul eater
  8129 | Bailey   | HP: 3/62 [orc warrior/war axe (21)]
  8130 | Bailey   | Slain by a hobgoblin

Vault maps used:
D:1:      dpeg_arrival_short_road
D:2:      lemuel_old_faithful
D:3:      kennysheep_six_static_rooms, nicolae_ru_sacrificial_ziggurat,
          nemelex_dance_club_becter
D:5:      minmay_temple_entry_glassed_door, enter_ossuary_4, first_ration,
          uniq_sigmund, uniq_menkaure
D:7:      marbit_many_paths, enter_bailey_1, serial_undead, serial_undead_b,
          serial_undead_d, serial_undead_b, serial_undead_b, the_bakery,
          uniq_joseph
Temple:   regret_index_temple_chain_breaker
Ossuary:  ossuary_due_pyramid
Bailey:   bailey_axe_of_yendor_kennysheep, bailey

Skill      XL: |  1  2  3  4  5  6  7  8  9 |
---------------+----------------------------+-----
Fighting       | 2 3 4 5 |  5.9
Unarmed Combat | 4 5 6 7 8 |  8.4
Dodging        | 3 4 5 |  5.8
Transmutations | 3 4 5 |  5.0
Spellcasting   | 3 |  3.3

Action                   |  1- 3 |  4- 6 |  7- 9 || total
-------------------------+-------+-------+-------++-------
Melee: Unarmed           |    93 |   191 |   298 ||   582
       Constrict         |    21 |    35 |    57 ||   113
       Tentacles         |    14 |    24 |    37 ||    75
       Punch             |     2 |     7 |    10 ||    19
 Cast: Spider Form       |     2 |     4 |    12 ||    18
       Sticks to Snakes  |       |     1 |       ||     1
Invok: Heroism           |       |       |     1 ||     1
  Use: Scroll            |       |     9 |     7 ||    16
       Potion            |       |     7 |     1 ||     8
 Stab: Sleeping          |     5 |     8 |     5 ||    18
  Eat: Chunk             |     1 |     6 |    13 ||    20
       Ration            |       |     1 |     1 ||     2
Armor: Skin              |     5 |    12 |    47 ||    64
Dodge: Dodged            |    62 |   117 |   161 ||   340

Table legend:
 A = Spawn XP
 B = Non-spawn XP
 C = Spawn XP percentage of total XP
 D = Spawn monster count
 E = Non-spawn monster count
 F = Spawn count percentage of total count
 G = Total turns spent on level
                    A         B        C        D         E        F      G
               +---------+---------+-------+---------+---------+-------+---------
         Total |       0 |    3543 |   0.0 |       0 |     173 |   0.0 |  8130
               +---------+---------+-------+---------+---------+-------+---------
           D:1 |       0 |      29 |   0.0 |       0 |      17 |   0.0 |   687
           D:2 |       0 |     112 |   0.0 |       0 |      30 |   0.0 |  1122
           D:3 |       0 |     204 |   0.0 |       0 |      31 |   0.0 |  1451
           D:4 |       0 |     319 |   0.0 |       0 |      11 |   0.0 |   966
           D:5 |       0 |     906 |   0.0 |       0 |      18 |   0.0 |  1827
           D:6 |       0 |     803 |   0.0 |       0 |      22 |   0.0 |  1183
           D:7 |       0 |     386 |   0.0 |       0 |       7 |   0.0 |    85
       Ossuary |       0 |      65 |   0.0 |       0 |      30 |   0.0 |   452
        Bailey |       0 |     719 |   0.0 |       0 |       7 |   0.0 |   211
               +---------+---------+-------+---------+---------+-------+---------
